[Event "Open Mancomunitat de la Ribera Alta (Sumacàrcer)"]
[Site "Sumacàrcer, Spain"]
[Date "2018.11.18"]
[Round "8.4"]
[White "Kovacevic, Slobodan"]
[Black "Pedros Viudes, Santiago"]
[Result "1-0"]
[TimeControl "5m+3s"]
[WhiteElo "2455"]
[BlackElo "2009"]

1. d4 Nf6 2. Nf3 d5 3. Bf4 c5 4. e3 Nc6 5.
c3 Qb6 6. Qb3 c4 7. Qc2 Bf5 8. Qc1 h6 9. Nbd2 e6 10. Be2 Nh5 11. Bg3 Nxg3 12. hxg3 Bd6 13. Bd1 Qc7 14. Bc2 Bxc2 15. Qxc2 b5 16. e4 b4 17. O-O O-O 18. Rfe1 a5 19. Nf1 a4 20. a3 bxa3 21. bxa3 Rfb8 22. Ne3 Qa5 23. Nd2 Rb3 24.
Nxb3 axb3 25. Qd2 Qb5 26.
a4 Rxa4 27. Rxa4 Qxa4 28. exd5 exd5 29. Nxd5 Na5 30. Qe2 Ba3 31.
Ra1 Nb7 32. Ne7+ Kh8 33. Qe5 Nd6 34. Qd5 b2 35. Rf1 Qc2 36.
Qa8+ Kh7 37. Qg8# 1-0

[Event "Open Mancomunitat de la Ribera Alta (Sumacàrcer)"]
[Site "Sumacàrcer, Spain"]
[Date "2018.11.18"]
[Round "8.5"]
[White "Minguez Piquer, Joaquim"]
[Black "Campos Gambuti, Luis Maria"]
[Result "0-1"]
[TimeControl "5m+3s"]
[WhiteElo "1786"]
[BlackElo "2432"]

1. e4 d6 2. d4 Nf6 3. Nc3 Nbd7 4.
f4 e5 5. fxe5 dxe5 6. dxe5 Nxe5 7. Qxd8+ Kxd8 8. Bf4 Bd6 9.
O-O-O Ke7 10. Nf3 Nd3+ 11. Bxd3 Bxf4+ 12. Kb1 c6 13. h3 Nd7 14. Rhf1 Be5 15. Bc4 f6 16. Nxe5 Nxe5 17.
Bb3 h5 18. Ne2 a5 19. a3 a4 20.
Ba2 h4 21. Nf4 Ra5 22. Nd3 Ng6 23. Rde1 Rhh5 24. Kc1 Rhg5 25. Rf2 Rg3 26. Rfe2 Rag5 27.
e5 f5 28. e6 Rxg2 29. Nc5 Rxe2 30.
Rxe2 Nf4 31. Re3 Rg3 32. Rxg3 hxg3 33. Nd3 Nxd3+ 0-1

[Event "Open Mancomunitat de la Ribera Alta (Sumacàrcer)"]
[Site "Sumacàrcer, Spain"]
[Date "2018.11.18"]
[Round "8.6"]
[White "Luque Saiz, Andres"]
[Black "Cruz Lledo, Pablo"]
[Result "1-0"]
[TimeControl "5m+3s"]
[WhiteElo "1597"]
[BlackElo "2335"]

1. e4 c6 2. d4 d5 3. Nd2 dxe4 4.
Nxe4 Bf5 5. Ng3 Bg6 6. Nh3 e6 7. Nf4 Bd6 8. h4 Bxf4 9. Bxf4 h6 10. c3 Nf6 11. Bc4 Nbd7 12. O-O Nd5 13. Bxd5 cxd5 14. h5 Bh7 15. Qg4 Qf6 16. Bd6 Nb6 17. Be5 Qe7 18. Qxg7 O-O-O 19. Bf6 Qe8 20. Qxh8 Qxh8 21. Bxh8 Rxh8 22. b3 Kd7 23. Rac1 Rc8 24. Rfe1 a5 25. Nf1 a4 26. Ne3 Bd3 27. Ng4 Ke7 28. Re3 Bb5 29. Nxh6 Rh8 30. Nf5+ Kd7 31. Ng3 Nc8 32. c4 Bc6 33. cxd5 Bxd5 34. Rec3 Ne7 35. f3 f5 36. Rc7+ Kd6 37. Kf2 axb3 38. axb3 b5 39. R7c5 b4 40. Ra1 Nc6 41. Ra6 Kd7 42. Rb6 Ra8 43.
Rcxc6 Bxc6 44. Rxb4 Ra2+ 45. Ne2 Kd6 46. Rb8 Ra7 47. b4 Rh7 48. Nf4 e5 49. dxe5+ Kxe5 50. Kg3 Rg7+ 51. Ng6+ Kd4 52. Kf4 Rh7 53. Kg5 Ke3 54. Nf4 Rg7+ 55. Kxf5 Rf7+ 56. Kg5 Rxf4 57. h6 Rf7 58. Kg6 Rd7 59. h7 Ba4 60. h8=Q Bc2+ 61. Kg5 Kf2 62. Qh4+ Kf1 63. Qh1+ Kf2 64. f4 Rd5+ 65. Kg4 Bd1+ 66. Qxd1 Rxd1 67. f5 Kxg2 68. f6 Rf1 69.
Kg5 1-0

[Event "Open Mancomunitat de la Ribera Alta (Sumacàrcer)"]
[Site "Sumacàrcer, Spain"]
[Date "2018.11.18"]
[Round "8.7"]
[White "Gavarrete, Nahun"]
[Black "Garcia Vasquez, Jhoel"]
[Result "1-0"]
[TimeControl "5m+3s"]
[WhiteElo "2200"]
[BlackElo "2298"]

1. c4 e5 2. g3 g6 3. Bg2 Bg7 4. Nc3 Nc6 5. Nf3 d6 6. O-O Nge7 7.
Rb1 Bf5 8. d3 Qd7 9. b4 O-O 10. b5 Nd8 11. Re1 Bh3 12. Bh1 h6 13. d4 exd4 14. Nxd4 Nf5 15. Nxf5 Bxc3 16. Nxh6+ Kh7 17. Rb3 Bxe1 18. Qxe1 Be6 19. Qd2 Bxc4 20. Rb4 Qe6 21. Bf3 d5 22. Ng4 Kg8 23. Bb2 f6 24. Rxc4 c6 25. bxc6 bxc6 26. Rxc6 Qe7 27. Bxd5+ Nf7 28.
Nxf6+ Kh8 29. Ng4+ Kh7 30. Bxf7 Qd8 1-0